AoeStats
← Prometheus

Arena

509919666Analyzed
1v1 RM · 3d ago on Sep 28, 2026· 36m 52s· 2 players
Game mode
Random Map
Map size
Tiny (2 player)
Population
200
Speed
Normal
Resources
Standard
Victory
Conquest
Starting age
Dark Age
Ending age
Imperial Age
RankedLock teamsTeams togetherTeam positionsShared explorationLock speedFull tech treeHidden civsTurbo modeCheats
Victory
Defeat
🇬🇧 Turks · United Kingdom
979
+15
🇨🇴 Italians · Colombia
960
-15
kevin.adhira19
0:35 Loom
10:53 Feudal Age
11:38 Double-Bit Axe
13:02 Wheelbarrow
13:43 Horse Collar
22:43 Castle Age
21:02 Fletching
21:25 Padded Archer Armor
23:56 Bow Saw
23:49 Heavy Plow
23:11 Crossbowman
24:57 Bodkin Arrow
25:18 Leather Archer Armor
25:40 Ballistics
25:37 Gold Mining
31:07 Imperial Age
30:23 Forging
30:18 Scale Barding Armor
29:46 Light Cavalry
31:44 Iron Casting
31:50 Masonry
32:48 Chemistry
32:01 Masonry
33:01 Chain Barding Armor
33:34 Ring Archer Armor
Prometheus
10:08 Feudal Age
11:34 Double-Bit Axe
15:40 Castle Age
13:24 Horse Collar
16:54 Bow Saw
20:33 Scale Barding Armor
21:25 Forging
22:08 Bloodlines
22:32 Gold Mining
22:35 Stone Mining
23:55 Gold Shaft Mining
23:09 Loom
23:11 Town Watch
24:17 Wheelbarrow
23:59 Husbandry
25:38 Heavy Plow
26:15 Chain Barding Armor
26:32 Iron Casting
27:11 Fletching
27:40 Town Patrol
31:19 Imperial Age
29:08 Padded Archer Armor
30:03 Hand Cart
31:42 Leather Archer Armor
31:23 Bodkin Arrow
32:28 Conscription
32:10 Artillery
33:20 Plate Barding Armor
34:02 Two-Man Saw
33:59 Ring Archer Armor
34:31 Blast Furnace
33:32 Bracer
33:50 Elite Janissary
35:51 Heavy Camel Rider
Connection lost

Rejoining the realm…

Still unreachable

The connection could not be restored.

Session expired

The server has moved on; the page needs a fresh start.